 Dungeon Crawl Stone Soup version 0.28-a0-589-g333b8329f1 (webtiles) character file.

Game seed: 8505905154894087446

26796 sleeves the Grappler (level 13, -1/103 HPs)
             Began as a Demonspawn Wanderer on Oct 3, 2021.
             Was a Priest of Wu Jian.
             Slain by an eight-headed hydra (8 damage)
             ... on level 3 of the Lair of Beasts.
             The game lasted 00:49:36 (19593 turns).

sleeves the Grappler (Demonspawn Wanderer)         Turns: 19593, Time: 00:49:37

Health: -1/103     AC: 10    Str: 16    XL:     13   Next: 0%
Magic:  20/29      EV: 14    Int: 17    God:    Wu Jian [***...]
Gold:   724        SH:  6    Dex: 11    Spells: 5/22 levels left

rFire   + . .      SeeInvis .     - Unarmed
rCold   + . .      Faith    .   y - +2 buckler {AC+3}
rNeg    . . .      Spirit   .   v - +2 leather armour {rF+}
rPois   .          Reflect  .   (helmet restricted)
rElec   .          Harm     .   s - +0 cloak
rCorr   .          Rampage  .   (gloves unavailable)
Will    .....                   l - +0 pair of boots
Stlth   +.........              (no amulet)
HPRegen 0.27/turn               j - ring of protection from cold
MPRegen 0.42/turn               I - ring of magical power

@: no status effects
A: antennae 1, claws 3, hooves 1, magic regeneration, demonic magic 2
a: Renounce Religion, Wall Jump, Serpent's Lash


You were on level 3 of the Lair of Beasts.
You worshipped Wu Jian.
Wu Jian was most pleased with you.
You visited 3 branches of the dungeon, and saw 15 of its levels.

You collected 982 gold pieces.
You spent 258 gold pieces at shops.

Inventory:

Armour
 l - a +0 pair of boots (worn)
   (You found it on level 7 of the Dungeon)
 s - a +0 cloak (worn)
   (You took it off Crazy Yiuf on level 4 of the Dungeon)
 v - a +2 leather armour of fire resistance (worn)
   (You took it off Eustachio on level 5 of the Dungeon)
 y - a +2 buckler of protection (worn)
   (You bought it in a shop on level 7 of the Dungeon)
 D - a +0 troll leather armour
   (You found it on level 10 of the Dungeon)
 E - the +5 scale mail "Ozymon" {rN+}
   (You found it on level 10 of the Dungeon)

   rN:        It protects you from negative energy.
 M - a +2 kite shield of positive energy
   (You found it on level 3 of the Lair of Beasts)
Magical Staves
 b - a staff of conjuration
   (You found it on level 10 of the Dungeon)
Jewellery
 j - a ring of protection from cold (left claw)
   (You found it on level 1 of the Dungeon)
 I - a ring of magical power (right claw)
   (You found it on level 11 of the Dungeon)
Wands
 r - a wand of digging (7)
   (You took it off a gnoll on level 4 of the Dungeon)
 u - a wand of polymorph (11)
   (You found it on level 6 of the Dungeon)
 w - a wand of mindburst (11)
   (You found it on level 6 of the Dungeon)
 J - a wand of flame (15)
   (You found it on level 1 of the Lair of Beasts)
Scrolls
 f - 4 scrolls of teleportation
 i - 2 scrolls of magic mapping
 k - 3 scrolls of amnesia
 n - 3 scrolls of enchant armour
 o - 2 scrolls of vulnerability
 q - 4 scrolls of identify
 t - a scroll of fog
 C - 2 scrolls of brand weapon
 F - 3 scrolls of enchant weapon {unknown}
 G - a scroll of holy word {unknown}
 H - a scroll of blinking {unknown}
 L - a scroll of acquirement {unknown}
Potions
 a - a potion of berserk rage {unknown}
 d - 8 potions of flight
 e - 2 potions of resistance {unknown}
 g - a potion of heal wounds
 h - 4 potions of lignification
 m - 2 potions of mutation
 p - 5 potions of curing
 x - a potion of ambrosia {unknown}
 z - 3 potions of haste
 A - 4 potions of degeneration {unknown}
 B - 2 potions of brilliance
Miscellaneous
 c - a piece from Xom's chessboard (15/15)
 K - a piece from Xom's chessboard (15/15)
   (You found it on level 2 of the Lair of Beasts)


   Skills:
 - Level 10.0 Fighting
 - Level 1.0 Throwing
 - Level 1.0 Armour
 - Level 7.0 Dodging
 - Level 1.0 Stealth
 - Level 4.0 Shields
 + Level 12.2 Unarmed Combat
 - Level 5.0 Spellcasting
 + Level 9.6 Necromancy
 - Level 1.7 Earth Magic
 - Level 7.0 Evocations


You had 5 spell levels left.
You knew the following spells:

 Your Spells              Type           Power      Damage    Failure   Level
a - Pain                  Necr           100%       1d9       1%          1
b - Vampiric Draining     Necr           18%        2d8       1%          3
c - Animate Dead          Necr           18%        N/A       3%          4
d - Agony                 Necr           37%        N/A       10%         5
e - Passage of Golubria   Tloc           N/A        N/A       86%         4

Your spell library contained the following spells:

 Spells                   Type           Power      Damage    Failure   Level
 Animate Skeleton         Necr           74%        N/A       1%          1
 Corpse Rot               Necr/Air       N/A        N/A       3%          2
 Apportation              Tloc           8%         N/A       17%         1
 Freeze                   Ice            16%        1d4       17%         1
 Magic Dart               Conj           16%        1d3       17%         1
 Summon Small Mammal      Summ           16%        N/A       17%         1
 Poisonous Vapours        Pois/Air       8%         N/A       26%         2
 Scorch                   Fire           8%         2d5       26%         2
 Searing Ray              Conj           8%         2d4       26%         2
 Frozen Ramparts          Ice            8%         1d2       45%         3
 Inner Flame              Hex/Fire       4%         N/A       45%         3
 Tukima's Dance           Hex            4%         N/A       45%         3
 Cause Fear               Hex            2%         N/A       86%         4
 Flame Wave               Conj/Fire      4%         3d3       86%         4
 Fulminant Prism          Conj/Hex       2%         3d6       86%         4
 Iskenderun's Battlesphe  Conj           4%         2d6       99%         5
 Yara's Violent Unravell  Hex/Tmut       2%         3d3       99%         5
 Conjure Ball Lightning   Conj/Air       2%         3x3d6     100%        6
 Iron Shot                Conj/Erth      3%         9d2       100%        6
 Summon Cactus Giant      Summ           2%         N/A       100%        6
 Spellforged Servitor     Conj/Summ      2%         N/A       100%        7
 Discord                  Hex            2%         N/A       100%        8
 Disjunction              Tloc           2%         N/A       100%        8


Dungeon Overview and Level Annotations

Branches:
Dungeon (11/15)            Temple (1/1) D:7            Lair (3/6) D:10
  Snake (0/4) Lair:3          Orc (0/2) D:11
  Swamp: Lair:2-4    Shoals: Lair:2-4

Altars:
Ashenzari
Cheibriados
Dithmenos
Elyvilon
Fedhas
Gozag
Hepliaklqana
Kikubaaqudgha
Makhleb
Nemelex Xobeh
Okawaru
Qazlal
Ru
Sif Muna
Trog
Uskayaw
Vehumet
Wu Jian
Xom
Yredelemnul
Zin
The Shining One
Beogh

Shops:
D:7 *[[   D:10 [   D:11 [

Annotations:
D:7 exclusion: door


Innate Abilities, Weirdness & Mutations

You have a pair of small antennae on your head.
You have claws for hands.
You have large cloven feet.
You regenerate magic rapidly.
Spells you cast may paralyse nearby enemies.


Message History

The cane toad is almost dead.
The cane toad stings you!
You are poisoned.
The cane toad poisons you!
Casting: Agony (dangerous; 16% risk of failure)
Confirm with . or Enter, or press ? or * to list all spells.
You don't know that spell.
You feel very sick.
Unknown command.
Casting: Agony (dangerous; 16% risk of failure)
Confirm with . or Enter, or press ? or * to list all spells.
Aiming: Vampiric Draining (safe; 1% risk of failure)
Press: ? - help, Shift-Dir - straight line, f/p - cane toad
Aim: a cane toad (almost dead)
You draw life force from the cane toad!
You kill the cane toad!
The Council accepts your kill. Malevolent energies surge around you.
You feel very sick.
Your life force feels restored.
You start resting.
You feel very sick.
You feel sick.
You feel very sick.
You feel sick. x2
Your magical contamination has completely faded away.
You start resting.
You feel sick. x5
You are no longer poisoned.
You start resting.
Magic restored.
HP restored.
You see here a cane toad corpse.
You see here a potion of attraction.
You see here a +0 spear.
A komodo dragon comes into view.
The komodo dragon hisses angrily.
A komodo dragon is nearby!
A komodo dragon is nearby!
A komodo dragon is nearby!
The komodo dragon writhes in agony!
Malevolent energies surge around you.
You lunge at the komodo dragon.
You scratch the komodo dragon but do no damage.
The komodo dragon is lightly wounded.
The komodo dragon bites you!
Casting: Pain (safe; 1% risk of failure)
Confirm with . or Enter, or press ? or * to list all spells.
Aiming: Agony (dangerous; 14% risk of failure)
Press: ? - help, Shift-Dir - straight line, f/p - komodo dragon
Aim: a komodo dragon (lightly wounded, chance to affect: 86%)
You miscast Agony.
You are very lightly contaminated with residual magic.
You convulse helplessly as pain tears through your body.
You feel drained.
The komodo dragon bites you but does no damage.
Casting: Agony (dangerous; 14% risk of failure)
Confirm with . or Enter, or press ? or * to list all spells.
Aiming: Agony (dangerous; 14% risk of failure)
Press: ? - help, Shift-Dir - straight line, f/p - komodo dragon
Aim: a komodo dragon (lightly wounded, chance to affect: 86%)
The komodo dragon convulses!
Malevolent energies surge around you. You block the komodo dragon's attack.
You claw the komodo dragon!
The komodo dragon is almost dead.
The komodo dragon bites you!
Casting: Agony (dangerous; 14% risk of failure)
Confirm with . or Enter, or press ? or * to list all spells.
Aiming: Agony (dangerous; 14% risk of failure)
Press: ? - help, Shift-Dir - straight line, f/p - komodo dragon
Aim: a komodo dragon (almost dead, chance to affect: 86%)
You miscast Agony.
Nothing appears to happen.
The komodo dragon closely misses you.
You barely miss the komodo dragon.
The komodo dragon is almost dead.
The komodo dragon bites you!
You scratch the komodo dragon but do no damage.
The komodo dragon is almost dead.
Casting: Agony (dangerous; 14% risk of failure)
Confirm with . or Enter, or press ? or * to list all spells.
Aiming: Vampiric Draining (safe; 1% risk of failure)
Press: ? - help, Shift-Dir - straight line, f/p - komodo dragon
Aim: a komodo dragon (almost dead)
You draw life force from the komodo dragon!
You kill the komodo dragon!
The Council accepts your kill.
You feel life coursing into your body. Malevolent energies surge around you.
Your life force feels restored.
You start resting.
Your magical contamination has completely faded away.
You start resting.
HP restored.
Unknown command.
Unknown command.
Magic restored.
A scorpion comes into view.
A komodo dragon comes into view.
You see here 17 gold pieces.
There are monsters nearby!
There are monsters nearby!
There are monsters nearby!
You now have 622 gold pieces (gained 17).
A nearby plant withers and dies.
The komodo dragon hisses menacingly.
You lunge at the komodo dragon.
You scratch the komodo dragon but do no damage.
The komodo dragon completely misses you.
Casting: Vampiric Draining (safe; 1% risk of failure)
Confirm with . or Enter, or press ? or * to list all spells.
Aiming: Agony (dangerous; 14% risk of failure)
Press: ? - help, Shift-Dir - straight line, f - komodo dragon
Aim: a komodo dragon (chance to affect: 86%)
The komodo dragon convulses!
Malevolent energies surge around you. You block the komodo dragon's attack.
Casting: Agony (dangerous; 14% risk of failure)
Confirm with . or Enter, or press ? or * to list all spells.
Aiming: Agony (dangerous; 14% risk of failure)
Press: ? - help, Shift-Dir - straight line, f/p - komodo dragon
Aim: a komodo dragon (heavily wounded, chance to affect: 86%)
The komodo dragon convulses!
Malevolent energies surge around you.
The komodo dragon suddenly stops moving!
You block the scorpion's attack.
The helpless komodo dragon fails to defend itself.
You claw the komodo dragon!
The komodo dragon is almost dead.
You block the scorpion's attack.
The helpless komodo dragon fails to defend itself.
You scratch the komodo dragon.
You kill the komodo dragon!
The Council accepts your kill. You block the scorpion's attack.
You claw the scorpion!
The scorpion is severely wounded.
You block the scorpion's attack.
You claw the scorpion!
You kill the scorpion!
The Council accepts your kill.
You now have 636 gold pieces (gained 14).
Found a quarterstaff.
A cane toad comes into view.
A cane toad is nearby!
A fire dragon comes into view.
Found 31 gold pieces.
The cane toad gives a loud, deep croak!
You enter the shallow water.
Moving in this stuff is going to be slow.
Found a potion of flight and 23 gold pieces.
You block the cane toad's attack. The cane toad misses you.
The cane toad stings you! The cane toad completely misses you.
Casting: Agony (dangerous; 14% risk of failure)
Confirm with . or Enter, or press ? or * to list all spells.
Aiming: Agony (dangerous; 14% risk of failure)
Press: ? - help, Shift-Dir - straight line, f - cane toad
Aim: a cane toad (chance to affect: 94%)
You miscast Agony.
You are very lightly contaminated with residual magic.
Nothing appears to happen.
The cane toad stings you!
Casting: Agony (dangerous; 14% risk of failure)
Confirm with . or Enter, or press ? or * to list all spells.
Aiming: Agony (dangerous; 14% risk of failure)
Press: ? - help, Shift-Dir - straight line, f/p - cane toad
Aim: a cane toad (chance to affect: 94%)
The cane toad convulses!
Malevolent energies surge around you.
The cane toad suddenly stops moving!
Okay, then.
The cane toad is no longer paralysed.
Okay, then.
Okay, then.
Your magical contamination has completely faded away.
The cane toad stings you!
You are poisoned.
The cane toad poisons you!
You feel very sick.
An electric eel comes into view.
You feel very sick.
You feel sick.
You feel sick.
You feel sick.
You feel sick.
The cane toad stings you but does no damage.
You feel sick.
You feel sick.
You feel sick.
You feel sick.
You are no longer poisoned.
The cane toad stings you!
You are poisoned.
The cane toad poisons you!
You feel very sick.
Casting: Agony (dangerous; 14% risk of failure)
Confirm with . or Enter, or press ? or * to list all spells.
Aiming: Vampiric Draining (safe; 1% risk of failure)
Press: ? - help, Shift-Dir - straight line, f/p - cane toad
Aim: a cane toad (moderately wounded)
You draw life force from the cane toad.
You feel life coursing into your body. Malevolent energies surge around you.
The cane toad suddenly stops moving!
You feel very sick.
You feel sick.
You feel sick.
You feel sick. The fire dragon breathes flames at you.
The blast of flame hits you!!
* * * LOW HITPOINT WARNING * * *
As you read the scroll of teleportation, it crumbles to dust.
You feel strangely unstable.
You feel sick.
The cane toad is no longer paralysed.
You feel sick.
Your surroundings suddenly seem different.
You feel sick.
You feel sick.
You feel sick.
You are no longer poisoned.
There is a stone staircase leading up, spattered with blood here.
You climb upwards.
There is a stone staircase leading down here.
You start resting.
HP restored.
You start removing your armour.
You continue taking off your +0 troll leather armour. x4
You finish taking off your +0 troll leather armour.
You start putting on your armour.
You continue putting on your +2 leather armour of fire resistance. x5
You finish putting on your +2 leather armour of fire resistance.
You feel resistant to fire.
Unknown command.
You climb downwards.
There is a stone staircase leading up, spattered with blood here.
Unknown command.
You see here 24 stones.
q - 4 scrolls of identify (gained 1)
You now have 645 gold pieces (gained 9).
Found a stone staircase leading down.
A cane toad is nearby!
A cane toad is nearby!
The cane toad gives a loud, deep croak!
There is a stone staircase leading down here.
The cane toad barely resists.
Malevolent energies surge around you.
The cane toad writhes in agony!
Malevolent energies surge around you.
The cane toad suddenly stops moving!
Casting: Pain (safe; 1% risk of failure)
Confirm with . or Enter, or press ? or * to list all spells.
You can't see any susceptible monsters within range! (Use Z to cast anyway.) Unknown command.
You lunge at the cane toad, in a flurry of attacks.
The helpless cane toad fails to defend itself.
You mangle the cane toad!!
The cane toad is severely wounded.
The helpless cane toad fails to defend itself.
You scratch the cane toad.
The cane toad is almost dead.
The helpless cane toad fails to defend itself.
You claw the cane toad!
You kill the cane toad!
The Council accepts your kill.
HP restored.
You see here a cane toad corpse.
Key pressed, stopping explore.
An electric eel is nearby!
The electric eel shoots out a bolt of lightning at you!
The bolt of electricity hits you!
The electric eel shoots out a bolt of lightning at you!
The bolt of electricity hits you.
The electric eel writhes in agony.
Malevolent energies surge around you.
The electric eel shoots out a bolt of lightning at you!
The bolt of electricity hits you!
The electric eel writhes in agony.
Malevolent energies surge around you.
The electric eel shoots out a bolt of lightning at you!
The bolt of electricity misses you.
Casting: Pain (safe; 1% risk of failure)
Confirm with . or Enter, or press ? or * to list all spells.
You can't see any susceptible monsters within range! (Use Z to cast anyway.) Unknown command.
You lunge at the electric eel, in a flurry of attacks.
You claw the electric eel!
The electric eel is severely wounded.
You closely miss the electric eel.
The electric eel is severely wounded.
The electric eel shoots out a bolt of lightning at you!
The bolt of electricity misses you.
You scratch the electric eel.
You kill the electric eel!
The Council accepts your kill.
Key pressed, stopping explore.
You enter the shallow water.
Moving in this stuff is going to be slow.
Key pressed, stopping explore.
You enter the shallow water.
Moving in this stuff is going to be slow.
You see here a +0 quarterstaff.
A fire dragon is nearby!
You start waiting.
You sense a monster nearby.
The fire dragon breathes flames at you. The blast of flame hits you!
You resist.
The fire dragon completely misses you. x2; The fire dragon tramples you.
You stumble backwards!
Casting: Pain (safe; 1% risk of failure)
Confirm with . or Enter, or press ? or * to list all spells.
Aiming: Agony (dangerous; 14% risk of failure)
Press: ? - help, Shift-Dir - straight line, f - fire dragon
Aim: a fire dragon (catching its breath, chance to affect: 73%)
The fire dragon convulses!
Malevolent energies surge around you. The fire dragon bites you.
The fire dragon claws you. The fire dragon tramples you.
You hold your ground!
Casting: Agony (dangerous; 14% risk of failure)
Confirm with . or Enter, or press ? or * to list all spells.
Aiming: Agony (dangerous; 14% risk of failure)
Press: ? - help, Shift-Dir - straight line, f/p - fire dragon
Aim: a fire dragon (heavily wounded, chance to affect: 73%)
You miscast Agony.
You are very lightly contaminated with residual magic.
Nothing appears to happen.
The fire dragon breathes flames at you. The blast of flame hits you!
You resist.
Casting: Agony (dangerous; 14% risk of failure)
Confirm with . or Enter, or press ? or * to list all spells.
Aiming: Agony (dangerous; 14% risk of failure)
Press: ? - help, Shift-Dir - straight line, f/p - fire dragon
Aim: a fire dragon (heavily wounded, catching its breath, chance to affect: 73%)
You miscast Agony.
Nothing appears to happen.
The fire dragon bites you!
* * * LOW HITPOINT WARNING * * *
The fire dragon claws you.
* * * LOW HITPOINT WARNING * * *
You block the fire dragon's attack.
Casting: Agony (dangerous; 14% risk of failure)
Confirm with . or Enter, or press ? or * to list all spells.
Aiming: Agony (dangerous; 14% risk of failure)
Press: ? - help, Shift-Dir - straight line, f/p - fire dragon
Aim: a fire dragon (heavily wounded, catching its breath, chance to affect: 73%)
The fire dragon struggles to resist.
Malevolent energies surge around you. The fire dragon bites you!
* * * LOW HITPOINT WARNING * * *
You block the fire dragon's attack. The fire dragon closely misses you.
You feel much better. The fire dragon barely misses you.
The fire dragon claws you!
* * * LOW HITPOINT WARNING * * *
The fire dragon tramples you but does no damage.
Casting: Agony (dangerous; 14% risk of failure)
Confirm with . or Enter, or press ? or * to list all spells.
Aiming: Vampiric Draining (safe; 1% risk of failure)
Press: ? - help, Shift-Dir - straight line, f/p - fire dragon
Aim: a fire dragon (heavily wounded)
You draw life force from the fire dragon!
You feel life coursing into your body. Malevolent energies surge around you.
The fire dragon breathes flames at you. The blast of flame hits you!!
You resist.
* * * LOW HITPOINT WARNING * * *
You feel much better. The fire dragon bites you!
* * * LOW HITPOINT WARNING * * *
The fire dragon claws you.
* * * LOW HITPOINT WARNING * * *
You block the fire dragon's attack.
Casting: Vampiric Draining (safe; 1% risk of failure)
Confirm with . or Enter, or press ? or * to list all spells.
Aiming: Agony (dangerous; 14% risk of failure)
Press: ? - help, Shift-Dir - straight line, f/p - fire dragon
Aim: a fire dragon (heavily wounded, catching its breath, chance to affect: 73%)
The fire dragon convulses!
Malevolent energies surge around you.
* * * LOW MAGIC WARNING * * *
The fire dragon bites you.
* * * LOW HITPOINT WARNING * * *
You block the fire dragon's attack. The fire dragon closely misses you.
You feel much better.
The fire dragon bites you but does no damage.
The fire dragon misses you. The fire dragon barely misses you.
You completely miss the fire dragon.
The fire dragon is severely wounded.
The fire dragon closely misses you. The fire dragon claws you.
The fire dragon tramples you.
You hold your ground!
You barely miss the fire dragon.
The fire dragon is severely wounded.
The fire dragon bites you but does no damage.
The fire dragon claws you! The fire dragon misses you.
You mangle the fire dragon!!
The fire dragon is almost dead.
The fire dragon bites you!
* * * LOW HITPOINT WARNING * * *
The fire dragon claws you.
* * * LOW HITPOINT WARNING * * *
The fire dragon tramples you!
* * * LOW HITPOINT WARNING * * *
You hold your ground!
You closely miss the fire dragon.
The fire dragon is almost dead.
You claw the fire dragon!
You kill the fire dragon!
The Council accepts your kill.
Training target 5.0 for Spellcasting reached!
Your Spellcasting skill increases to level 5!
You see here a fire dragon corpse.
You start resting.
Your magical contamination has completely faded away.
You start resting.
Magic restored.
You start resting.
Found three items.
You enter the shallow water.
Moving in this stuff is going to be slow.
Found a pair of faintly humming gloves and a jewelled spear.
You now have 660 gold pieces (gained 15).
You now have 672 gold pieces (gained 12).
d - 7 potions of flight (gained 1)
You see here a piece from Xom's chessboard (15/15).
d - 8 potions of flight (gained 1)
You see here the +3 spear "Wukorph" {drain, rC+ rCorr Str-4 Dex+4}.
You see here the +2 pair of gloves of the Guilds {Rampage Drain Will++}.
You pick up a book of Cantrips and begin reading...
You add the spells Summon Small Mammal and Apportation to your library.
You now have 683 gold pieces (gained 11).
You now have 699 gold pieces (gained 16).
You see here a piece from Xom's chessboard (15/15).
You see here the +3 spear "Wukorph" {drain, rC+ rCorr Str-4 Dex+4}.
You see here a piece from Xom's chessboard (15/15).
K - a piece from Xom's chessboard (15/15)
You enter the shallow water.
Moving in this stuff is going to be slow.
You see here a fire dragon skeleton.
Key pressed, stopping explore.
There is a stone staircase leading up, spattered with blood here.
You see here 24 stones.
Done exploring.
Done exploring.
Done exploring.
(D) Dungeon (T) Temple (L) Lair (O) Orcish Mines
Where to? (Enter - Lair:1 @ (x,y), ? - help)
You see here 24 stones.
There is a stone staircase leading down here.
You climb downwards.
You feel an oppressive heat about you.
There is an entrance to a volcano on this level.
Hurry and find it before the entrance collapses!
There is a stone staircase leading up here.
Found a dagger.
No target in view!
Unknown command.
Found a scroll labelled FUUDGHIZXAD.
Found 14 stones.
A death yak comes into view.
Found 16 gold pieces. 2 blink frogs come into view.
The blink frog gives a loud, deep croak! x2
A blink frog comes into view. x2
The blink frog croaks.
You hear a croak.
A blink frog comes into view.
The blink frog croaks.
The blink frog blinks!
The blink frog blinks!
You lunge at the blink frog.
You miss the blink frog. You block the blink frog's attack.
The blink frog blinks!
You spin and attack the blink frog.
You miss the blink frog. The blink frog barely misses you.
The blink frog hits you!
Casting: Agony (dangerous; 13% risk of failure)
Confirm with . or Enter, or press ? or * to list all spells.
Aiming: Vampiric Draining (safe; 1% risk of failure)
Press: ? - help, Shift-Dir - straight line, f - blink frog
Aim: a blink frog You draw life force from the blink frog!
You feel life coursing into your body. Malevolent energies surge around you.
The blink frog suddenly stops moving!
The blink frog blinks!
You block the blink frog's attack.
The helpless blink frog fails to defend itself.
You claw the blink frog!
The blink frog is moderately wounded.
The blink frog misses you. The blink frog barely misses you.
The helpless blink frog fails to defend itself.
You eviscerate the blink frog!!!
You kill the blink frog!
The Council accepts your kill.
The blink frog blinks!
The blink frog barely misses you.
Casting: Vampiric Draining (safe; 1% risk of failure)
Confirm with . or Enter, or press ? or * to list all spells.
Aiming: Vampiric Draining (safe; 1% risk of failure)
Press: ? - help, Shift-Dir - straight line, f/p - blink frog
Aim: a blink frog (moderately wounded)
You draw life force from the blink frog!
You feel life coursing into your body. Malevolent energies surge around you.
The blink frog suddenly stops moving! x2
The helpless blink frog fails to defend itself.
You mangle the blink frog!!
You kill the blink frog!
The Council accepts your kill. You block the blink frog's attack.
The blink frog hits you.
Your Necromancy skill increases to level 9!
The helpless blink frog fails to defend itself.
You mangle the blink frog!!
You kill the blink frog!
The Council accepts your kill. The blink frog hits you!
Casting: Vampiric Draining (safe; 1% risk of failure)
Confirm with . or Enter, or press ? or * to list all spells.
Aiming: Vampiric Draining (safe; 1% risk of failure)
Press: ? - help, Shift-Dir - straight line, f - blink frog
Aim: a blink frog You draw life force from the blink frog!
You feel life coursing into your body. Malevolent energies surge around you.
The blink frog suddenly stops moving! x2
The helpless blink frog fails to defend itself.
You claw the blink frog!
The blink frog is heavily wounded.
The helpless blink frog fails to defend itself.
You scratch the blink frog.
The blink frog is heavily wounded.
The helpless blink frog fails to defend itself.
You eviscerate the blink frog!!!
You kill the blink frog!
The Council accepts your kill.
You see here a blink frog corpse.
The helpless blink frog fails to defend itself.
You claw the blink frog!
The blink frog is moderately wounded.
The blink frog is no longer paralysed.
The blink frog hits you.
The blink frog blinks!
Casting: Vampiric Draining (safe; 1% risk of failure)
Confirm with . or Enter, or press ? or * to list all spells.
You can't see any susceptible monsters within range! (Use Z to cast anyway.) Unknown command.
You lunge at the blink frog.
You mangle the blink frog!!
You kill the blink frog!
The Council accepts your kill.
Casting: Vampiric Draining (safe; 1% risk of failure)
Confirm with . or Enter, or press ? or * to list all spells.
You can't see any susceptible monsters within range! (Use Z to cast anyway.) Unknown command.
You hear the slow rumble of a distant avalanche of rocks.
You see here 14 stones.
You see here 14 stones.
Found a stone staircase leading down.
Found 18 sling bullets.
Found a stone staircase leading down.
Found a stone staircase leading up.
You hear the slow rumble of a distant avalanche of rocks.
A guardian serpent comes into view.
Found a staircase to the Snake Pit.
The guardian serpent shouts!
The guardian serpent moves out of view.
Casting: Vampiric Draining (safe; 1% risk of failure)
Confirm with . or Enter, or press ? or * to list all spells.
Aiming: Agony (dangerous; 12% risk of failure)
Press: ? - help, Shift-Dir - straight line, f - guardian serpent
Aim: a guardian serpent (chance to affect: 76%)
The guardian serpent barely resists.
Malevolent energies surge around you. The guardian serpent hits you!
Casting: Agony (dangerous; 12% risk of failure)
Confirm with . or Enter, or press ? or * to list all spells.
Aiming: Agony (dangerous; 12% risk of failure)
Press: ? - help, Shift-Dir - straight line, f/p - guardian serpent
Aim: a guardian serpent (chance to affect: 76%)
You miscast Agony.
You are very lightly contaminated with residual magic.
Nothing appears to happen.
The guardian serpent coils itself and waves its upper body at you.
You feel yourself slow down. The guardian serpent barely misses you.
Casting: Agony (dangerous; 12% risk of failure)
Confirm with . or Enter, or press ? or * to list all spells.
Aiming: Agony (dangerous; 12% risk of failure)
Press: ? - help, Shift-Dir - straight line, f/p - guardian serpent
Aim: a guardian serpent (chance to affect: 76%)
You miscast Agony.
You convulse helplessly as pain tears through your body!
You feel drained. The guardian serpent barely misses you.
The guardian serpent closely misses you.
Casting: Agony (dangerous; 12% risk of failure)
Confirm with . or Enter, or press ? or * to list all spells.
Aiming: Agony (dangerous; 12% risk of failure)
Press: ? - help, Shift-Dir - straight line, f/p - guardian serpent
Aim: a guardian serpent (chance to affect: 76%)
The guardian serpent barely resists.
Malevolent energies surge around you. The guardian serpent hits you!!
You block the guardian serpent's attack.
Casting: Agony (dangerous; 12% risk of failure)
Confirm with . or Enter, or press ? or * to list all spells.
Aiming: Agony (dangerous; 12% risk of failure)
Press: ? - help, Shift-Dir - straight line, f/p - guardian serpent
Aim: a guardian serpent (chance to affect: 76%)
The guardian serpent convulses!
Malevolent energies surge around you.
* * * LOW MAGIC WARNING * * *
The guardian serpent hits you!!
* * * LOW HITPOINT WARNING * * *
The guardian serpent closely misses you.
You mangle the guardian serpent!!
The guardian serpent is almost dead.
The guardian serpent coils itself and waves its upper body at you.
You feel as though you will be slow longer.
The guardian serpent coils itself and waves its upper body at you.
You resist with some effort.
You claw the guardian serpent!
You kill the guardian serpent!
The Council accepts your kill.
Your Unarmed Combat skill increases to level 12!
You start resting.
Your magical contamination has completely faded away.
You start resting.
You hear the slow rumble of a very distant avalanche of rocks.
You start resting.
You feel yourself speed up.
You start resting.
Magic restored.
You start resting.
You hear the slow rumble of a very distant avalanche of rocks.
You start resting.
You hear the slow rumble of a very distant avalanche of rocks.
You start resting.
You hear the rumble of a very distant avalanche of rocks.
A death yak comes into view.
The death yak bellows!
A death yak comes into view.
The death yak bellows!
There is a stone staircase leading up here.
Casting: Agony (dangerous; 11% risk of failure)
Confirm with . or Enter, or press ? or * to list all spells.
You don't know that spell.
The death yak gores you!
You climb upwards.
There is a stone staircase leading down here.
Casting: Agony (dangerous; 11% risk of failure)
Confirm with . or Enter, or press ? or * to list all spells.
Aiming: Agony (dangerous; 11% risk of failure)
Press: ? - help, Shift-Dir - straight line, f - death yak
Aim: a death yak (chance to affect: 42%)
The death yak convulses!
Malevolent energies surge around you. You block the death yak's attack.
Casting: Agony (dangerous; 11% risk of failure)
Confirm with . or Enter, or press ? or * to list all spells.
Aiming: Agony (dangerous; 11% risk of failure)
Press: ? - help, Shift-Dir - straight line, f/p - death yak
Aim: a death yak (heavily wounded, chance to affect: 42%)
You miscast Agony.
You are very lightly contaminated with residual magic.
You convulse helplessly as pain tears through your body!
You feel drained. The death yak barely misses you.
Casting: Agony (dangerous; 11% risk of failure)
Confirm with . or Enter, or press ? or * to list all spells.
Aiming: Agony (dangerous; 11% risk of failure)
Press: ? - help, Shift-Dir - straight line, f/p - death yak
Aim: a death yak (heavily wounded, chance to affect: 42%)
The death yak resists with some effort.
Malevolent energies surge around you. The death yak gores you!
Casting: Agony (dangerous; 11% risk of failure)
Confirm with . or Enter, or press ? or * to list all spells.
Aiming: Agony (dangerous; 11% risk of failure)
Press: ? - help, Shift-Dir - straight line, f/p - death yak
Aim: a death yak (heavily wounded, chance to affect: 42%)
The death yak resists with some effort.
Malevolent energies surge around you. The death yak gores you!
* * * LOW HITPOINT WARNING * * *
Casting: Agony (dangerous; 11% risk of failure)
Confirm with . or Enter, or press ? or * to list all spells.
Aiming: Vampiric Draining (safe; 1% risk of failure)
Press: ? - help, Shift-Dir - straight line, f/p - death yak
Aim: a death yak (heavily wounded)
You draw life force from the death yak!
You feel life coursing into your body! Malevolent energies surge around you.
The death yak gores you!
* * * LOW HITPOINT WARNING * * *
You barely miss the death yak.
The death yak is heavily wounded.
The death yak gores you!
* * * LOW HITPOINT WARNING * * *
Casting: Vampiric Draining (safe; 1% risk of failure)
Confirm with . or Enter, or press ? or * to list all spells.
Aiming: Vampiric Draining (safe; 1% risk of failure)
Press: ? - help, Shift-Dir - straight line, f/p - death yak
Aim: a death yak (heavily wounded)
You draw life force from the death yak!
You feel life coursing into your body! Malevolent energies surge around you.
* * * LOW MAGIC WARNING * * *
The death yak closely misses you.
The komodo dragon hisses angrily.
Your magical contamination has completely faded away.
There is a stone staircase leading down, spattered with blood here.
Casting: Vampiric Draining (safe; 1% risk of failure)
Confirm with . or Enter, or press ? or * to list all spells.
You don't know that spell.
Casting: Vampiric Draining (safe; 1% risk of failure)
Confirm with . or Enter, or press ? or * to list all spells.
Aiming: Vampiric Draining (safe; 1% risk of failure)
Press: ? - help, Shift-Dir - straight line, f/p - death yak
Aim: a death yak (severely wounded)
You draw life force from the death yak!
You feel life coursing into your body. Malevolent energies surge around you.
The death yak barely misses you.
Casting: Vampiric Draining (safe; 1% risk of failure)
Confirm with . or Enter, or press ? or * to list all spells.
Aiming: Vampiric Draining (safe; 1% risk of failure)
Press: ? - help, Shift-Dir - straight line, f/p - death yak
Aim: a death yak (severely wounded)
You draw life force from the death yak!
You feel life coursing into your body. Malevolent energies surge around you.
* * * LOW MAGIC WARNING * * *
The death yak gores you!!
* * * LOW HITPOINT WARNING * * *
Casting: Vampiric Draining (safe; 1% risk of failure)
Confirm with . or Enter, or press ? or * to list all spells.
Aiming: Vampiric Draining (safe; 1% risk of failure)
Press: ? - help, Shift-Dir - straight line, f/p - death yak
Aim: a death yak (almost dead)
You draw life force from the death yak!
You kill the death yak!
The Council accepts your kill.
You feel life coursing into your body. Malevolent energies surge around you.
* * * LOW MAGIC WARNING * * *
Your life force feels restored.
Casting: Vampiric Draining (safe; 1% risk of failure)
Confirm with . or Enter, or press ? or * to list all spells.
Aiming: Agony (dangerous; 11% risk of failure)
Press: ? - help, Shift-Dir - straight line, f - komodo dragon
Aim: a komodo dragon (chance to affect: 87%)
The komodo dragon convulses!
Malevolent energies surge around you.
* * * LOW MAGIC WARNING * * *
The komodo dragon bites you but does no damage.
Casting: Agony (dangerous; 11% risk of failure)
Confirm with . or Enter, or press ? or * to list all spells.
Aiming: Vampiric Draining (safe; 1% risk of failure)
Press: ? - help, Shift-Dir - straight line, f/p - komodo dragon
Aim: a komodo dragon (heavily wounded)
You draw life force from the komodo dragon!
You feel life coursing into your body. Malevolent energies surge around you.
The komodo dragon suddenly stops moving!
* * * LOW MAGIC WARNING * * *
The helpless komodo dragon fails to defend itself.
You mangle the komodo dragon!!
You kill the komodo dragon!
The Council accepts your kill.
You start resting.
Magic restored.
There is a stone staircase leading down, spattered with blood here.
You start resting.
HP restored.
You climb downwards.
You feel an oppressive heat about you.
There is an entrance to a volcano on this level.
Hurry and find it before the entrance collapses!
You hear the rapid rumble of a very distant avalanche of rocks.
Found a scroll of teleportation.
There is a stone staircase leading up here.
f - 4 scrolls of teleportation (gained 1)
There is a stone staircase leading up here.
Unknown command.
Unknown command.
Unknown command.
Unknown command.
Unknown command.
You hear the rapid rumble of a very distant avalanche of rocks.
The death yak bellows!
A death yak comes into view.
You hear the rapid rumble of an avalanche of rocks very nearby.
The death yak bellows!
You hear a bellow!
Casting: Vampiric Draining (safe; 1% risk of failure)
Confirm with . or Enter, or press ? or * to list all spells.
You can't see any susceptible monsters within range! (Use Z to cast anyway.) Unknown command.
Casting: Vampiric Draining (safe; 1% risk of failure)
Confirm with . or Enter, or press ? or * to list all spells.
Aiming: Agony (dangerous; 11% risk of failure)
Press: ? - help, Shift-Dir - straight line, f - death yak
Aim: a death yak (chance to affect: 43%)
The death yak convulses!
Malevolent energies surge around you. You block the death yak's attack.
Casting: Agony (dangerous; 11% risk of failure)
Confirm with . or Enter, or press ? or * to list all spells.
Aiming: Agony (dangerous; 11% risk of failure)
Press: ? - help, Shift-Dir - straight line, f/p - death yak
Aim: a death yak (heavily wounded, chance to affect: 43%)
The death yak convulses!
Malevolent energies surge around you.
The death yak suddenly stops moving!
The helpless death yak fails to defend itself.
You claw the death yak!
The death yak is almost dead.
The death yak bellows!
The death yak snorts and paws the ground.
The helpless death yak fails to defend itself.
You scratch the death yak but do no damage.
The death yak is almost dead.
The helpless death yak fails to defend itself.
You eviscerate the death yak!!!
You kill the death yak!
The Council accepts your kill.
Casting: Agony (dangerous; 10% risk of failure)
Confirm with . or Enter, or press ? or * to list all spells.
You don't know that spell.
Casting: Agony (dangerous; 10% risk of failure)
Confirm with . or Enter, or press ? or * to list all spells.
Aiming: Agony (dangerous; 10% risk of failure)
Press: ? - help, Shift-Dir - straight line, f - death yak
Aim: a death yak (chance to affect: 43%)
The death yak convulses!
Malevolent energies surge around you. The death yak gores you!
Casting: Agony (dangerous; 10% risk of failure)
Confirm with . or Enter, or press ? or * to list all spells.
Aiming: Agony (dangerous; 10% risk of failure)
Press: ? - help, Shift-Dir - straight line, f/p - death yak
Aim: a death yak (heavily wounded, chance to affect: 43%)
The death yak resists with some effort.
Malevolent energies surge around you. The death yak barely misses you.
Casting: Agony (dangerous; 10% risk of failure)
Confirm with . or Enter, or press ? or * to list all spells.
Aiming: Agony (dangerous; 10% risk of failure)
Press: ? - help, Shift-Dir - straight line, f/p - death yak
Aim: a death yak (heavily wounded, chance to affect: 43%)
The death yak resists with some effort.
Malevolent energies surge around you.
* * * LOW MAGIC WARNING * * *
You scratch the death yak.
The death yak is lightly wounded.
The death yak gores you! You block the death yak's attack.
Casting: Agony (dangerous; 10% risk of failure)
Confirm with . or Enter, or press ? or * to list all spells.
Aiming: Vampiric Draining (safe; 1% risk of failure)
Press: ? - help, Shift-Dir - straight line, f/p - death yak
Aim: a death yak (heavily wounded)
You draw life force from the death yak!
You feel life coursing into your body. Malevolent energies surge around you.
* * * LOW MAGIC WARNING * * *
You block the death yak's attack.
Casting: Vampiric Draining (safe; 1% risk of failure)
Confirm with . or Enter, or press ? or * to list all spells.
You don't know that spell.
You hear the rapid rumble of an avalanche of rocks nearby.
You scratch the death yak but do no damage.
The death yak is heavily wounded.
The death yak gores you!!
The sound of falling rocks suddenly begins to subside.
You start resting.
The walls and floor vibrate strangely for a moment.
Casting: Vampiric Draining (safe; 1% risk of failure)
Confirm with . or Enter, or press ? or * to list all spells.
Aiming: Agony (dangerous; 10% risk of failure)
Press: ? - help, Shift-Dir - straight line, f - death yak
Aim: a death yak (chance to affect: 43%)
The death yak convulses!
Malevolent energies surge around you. The death yak gores you!!
Casting: Agony (dangerous; 10% risk of failure)
Confirm with . or Enter, or press ? or * to list all spells.
Aiming: Vampiric Draining (safe; 1% risk of failure)
Press: ? - help, Shift-Dir - straight line, f/p - death yak
Aim: a death yak (heavily wounded)
You draw life force from the death yak!
You feel life coursing into your body. Malevolent energies surge around you.
* * * LOW MAGIC WARNING * * *
You block the death yak's attack.
You claw the death yak!
The death yak is almost dead.
The death yak misses you.
You scratch the death yak.
The death yak is almost dead.
You block the death yak's attack.
You claw the death yak!
You kill the death yak!
The Council accepts your kill.
Training target 10.0 for Fighting reached!
Your Fighting skill increases to level 10!
You scratch the death yak but do no damage.
The death yak is moderately wounded.
The death yak closely misses you.
Casting: Vampiric Draining (safe; 1% risk of failure)
Confirm with . or Enter, or press ? or * to list all spells.
Aiming: Agony (dangerous; 10% risk of failure)
Press: ? - help, Shift-Dir - straight line, f - death yak
Aim: a death yak (moderately wounded, chance to affect: 43%)
You miscast Agony.
You are very lightly contaminated with residual magic.
You hear strange and distant voices!
You feel drained.
* * * LOW MAGIC WARNING * * *
The death yak gores you!
* * * LOW HITPOINT WARNING * * *
Your magical contamination has completely faded away.
Casting: Agony (dangerous; 10% risk of failure)
Confirm with . or Enter, or press ? or * to list all spells.
Aiming: Vampiric Draining (safe; 1% risk of failure)
Press: ? - help, Shift-Dir - straight line, f/p - death yak
Aim: a death yak (moderately wounded)
You draw life force from the death yak!
You feel life coursing into your body! Malevolent energies surge around you.
The death yak gores you.
* * * LOW HITPOINT WARNING * * *
You spin and attack the death yak repeatedly.
You scratch the death yak but do no damage.
The death yak is heavily wounded.
You completely miss the death yak.
The death yak is heavily wounded.
The death yak gores you!
* * * LOW HITPOINT WARNING * * *
You see here a death yak corpse.
Casting: Vampiric Draining (safe; 1% risk of failure)
Confirm with . or Enter, or press ? or * to list all spells.
Aiming: Vampiric Draining (safe; 1% risk of failure)
Press: ? - help, Shift-Dir - straight line, f/p - death yak
Aim: a death yak (moderately wounded)
You draw life force from the death yak.
You feel life coursing into your body. Malevolent energies surge around you.
You block the death yak's attack.
Casting: Vampiric Draining (safe; 1% risk of failure)
Confirm with . or Enter, or press ? or * to list all spells.
Aiming: Vampiric Draining (safe; 1% risk of failure)
Press: ? - help, Shift-Dir - straight line, f/p - death yak
Aim: a death yak (moderately wounded)
You draw life force from the death yak.
You feel life coursing into your body. Malevolent energies surge around you.
The death yak closely misses you.
Casting: Vampiric Draining (safe; 1% risk of failure)
Confirm with . or Enter, or press ? or * to list all spells.
Aiming: Vampiric Draining (safe; 1% risk of failure)
Press: ? - help, Shift-Dir - straight line, f/p - death yak
Aim: a death yak (heavily wounded)
You draw life force from the death yak!
You feel life coursing into your body. Malevolent energies surge around you.
The death yak suddenly stops moving!
The helpless death yak fails to defend itself.
You mangle the death yak!!
The death yak is almost dead.
The helpless death yak fails to defend itself.
You mangle the death yak!!
You kill the death yak!
The Council accepts your kill.
Your life force feels restored.
You have reached level 13!
You see here a death yak corpse.
L - a scroll labelled FUUDGHIZXAD You now have 715 gold pieces (gained 16).
There is a stone staircase leading up here.
You mangle the plant!!
The plant begins to die.
The plant is lightly damaged.
A nearby plant withers and dies.
Found a runed kite shield.
Found 9 gold pieces.
You see here a +2 kite shield of positive energy.
M - a +2 kite shield of positive energy You now have 724 gold pieces (gained 9).
A six-headed hydra comes into view.
The six-headed hydra roars!
Aiming: Polymorph
Press: ? - help, Shift-Dir - straight line, f - six-headed hydra
Aim: a six-headed hydra (will become a moth of wrath, a quicksilver ooze, or a bunyip, chance to affect: 32%)
Okay, then.
Unknown command.
Unknown command.
Unknown command.
Unknown command.
Unknown command.
Aiming: Mindburst
Press: ? - help, Shift-Dir - straight line, f - six-headed hydra
Aim: a six-headed hydra (chance to affect: 57%)
The six-headed hydra resists with significant effort.
Casting: Vampiric Draining (safe; 1% risk of failure)
Confirm with . or Enter, or press ? or * to list all spells.
Aiming: Agony (dangerous; 10% risk of failure)
Press: ? - help, Shift-Dir - straight line, f/p - six-headed hydra
Aim: a six-headed hydra (chance to affect: 77%)
The six-headed hydra convulses!
Malevolent energies surge around you. The six-headed hydra bites you!
You block the six-headed hydra's attack.
The six-headed hydra misses you. The six-headed hydra bites you. x2
The six-headed hydra barely misses you.
Casting: Agony (dangerous; 10% risk of failure)
Confirm with . or Enter, or press ? or * to list all spells.
Aiming: Agony (dangerous; 10% risk of failure)
Press: ? - help, Shift-Dir - straight line, f/p - six-headed hydra
Aim: a six-headed hydra (heavily wounded, chance to affect: 77%)
The six-headed hydra barely resists.
Malevolent energies surge around you. The six-headed hydra bites you.
The six-headed hydra closely misses you.
The six-headed hydra bites you. The six-headed hydra barely misses you.
The six-headed hydra closely misses you.
The six-headed hydra bites you but does no damage.
Casting: Agony (dangerous; 10% risk of failure)
Confirm with . or Enter, or press ? or * to list all spells.
Aiming: Agony (dangerous; 10% risk of failure)
Press: ? - help, Shift-Dir - straight line, f/p - six-headed hydra
Aim: a six-headed hydra (heavily wounded, chance to affect: 77%)
The six-headed hydra convulses!
Malevolent energies surge around you. The six-headed hydra bites you.
You block the six-headed hydra's attack.
The six-headed hydra bites you!
* * * LOW HITPOINT WARNING * * *
The six-headed hydra bites you!
* * * LOW HITPOINT WARNING * * *
The six-headed hydra bites you!
* * * LOW HITPOINT WARNING * * *
The six-headed hydra bites you but does no damage.
Okay, then.
Okay, then.
Okay, then.
Okay, then.
Okay, then.
Aiming: Wall Jump
Press: ? - help, Dir - move target, p - six-headed hydra You repeatedly attack the six-headed hydra from above.
You rip one of the six-headed hydra's heads off!
The five-headed hydra grows two more!
You claw the seven-headed hydra!
The seven-headed hydra is severely wounded.
You claw one of the seven-headed hydra's heads off!
The six-headed hydra grows two more!
You claw the eight-headed hydra!
The eight-headed hydra is severely wounded.
You scratch the eight-headed hydra but do no damage.
The eight-headed hydra is severely wounded.
The eight-headed hydra bites you.
* * * LOW HITPOINT WARNING * * *
You block the eight-headed hydra's attack.
The eight-headed hydra bites you.
* * * LOW HITPOINT WARNING * * *
The eight-headed hydra barely misses you.
The eight-headed hydra bites you.
* * * LOW HITPOINT WARNING * * *
The eight-headed hydra closely misses you.
The eight-headed hydra bites you but does no damage.
The eight-headed hydra bites you!
* * * LOW HITPOINT WARNING * * *
The eight-headed hydra barely misses you.
The eight-headed hydra bites you!
You die...

.....##.. #.......P.... ....#
#..# ##..##.###..# ...
##...###.. #..###..
P..###....#..####.##.#..
....#.. #....##.........
P.......##...............
...#........#......#.#...
.......○D○..#...##.......
P...#.P@○...#..##......#
##....°○°.#....##..#..^.
###.P....##.....#..#....
##........##..P.....##... ..
.#..........##.P##....#....
..##..###......##..P.##.....##
.... ##........... ##...... ..
...## ##....P.#.#.. #P..P#..
#.. #...##......##....
##..###.


You could see an eight-headed hydra.

Vanquished Creatures
  A fire dragon (Lair:2)
  Erolcha (D:10)
  A hydra (Lair:1)
  4 death yaks
  4 two-headed ogres
  Pikel (D:4)
  A deep elf pyromancer (D:10)
  2 ugly things (D:10)
  A cyclops (D:11)
  A guardian serpent (Lair:3)
  2 gargoyles
  5 cane toads
  9 komodo dragons
  3 trolls
  5 blink frogs (Lair:3)
  Sigmund (D:4)
  2 wraiths (D:10)
  3 basilisks
  21 yaks
  Eustachio (D:5)
  2 wyverns (D:10)
  An acid dragon (D:10)
  7 water moccasins
  2 ice beasts
  4 orc warriors
  A sky beast (D:6)
  10 black bears
  A necrophage (D:5)
  3 ogres
  6 wolves
  7 centaurs
  A phantom (D:7)
  A kobold brigand (D:4)
  5 bullfrogs
  4 scorpions
  4 wights
  7 killer bees
  3 howler monkeys (D:10)
  An electric eel (Lair:2)
  7 centaur zombies
  A bullfrog zombie (D:5)
  6 orc priests
  Crazy Yiuf (D:4)
  4 hounds
  A centaur skeleton (D:7)
  A gnoll shaman (D:8)
  3 jellies
  2 iguanas (D:5)
  8 orc wizards
  A hound zombie (D:5)
  A hound skeleton (D:4)
  2 howler monkey zombies (D:10)
  7 gnolls
  7 adders
  2 howler monkey skeletons (D:7)
  A white imp (D:7)
  An adder skeleton (D:5)
  2 dart slugs
  3 worms (D:3)
  48 orcs
  3 ball pythons
  7 bats
  8 endoplasms
  A giant cockroach (D:2)
  5 goblins
  5 hobgoblins
  4 jackals (D:5)
  25 kobolds
  A quokka (D:2)
  4 frilled lizards
  2 rats
313 creatures vanquished.

Vanquished Creatures (collateral kills)
  An elephant (D:11)
  2 orcs (D:11)
3 creatures vanquished.

Vanquished Creatures (others)
  4 bushes (D:4)
  8 fungi
  90 plants
102 creatures vanquished.

Grand Total: 418 creatures vanquished

Notes
Turn   | Place    | Note
-------+----------+-------------------------------------------
     0 | D:1      | sleeves the Demonspawn Wanderer began the quest for the
                  | Orb.
     0 | D:1      | sleeves set off with the following items: a +0 club, a +0
                  | robe, a piece from Xom's chessboard (15/15); and the
                  | following spells available to memorise: Animate Skeleton,
                  | Pain, Vampiric Draining, Freeze, Animate Dead, Frozen
                  | Ramparts, Agony
     0 | D:1      | Reached XP level 1. HP: 16/16 MP: 1/1
   100 | D:1      | Found a faded altar of an unknown god.
   231 | D:1      | Reached skill level 1 in Spellcasting
   335 | D:1      | Learned a level 1 spell: Pain
   455 | D:1      | Gained mutation: You have sharp fingernails. [demonic
                  | ancestry]
   455 | D:1      | Reached XP level 2. HP: 11/22 MP: 0/3
   896 | D:1      | HP: 9/22 [goblin (2)]
   899 | D:1      | HP: 4/22 [frozen (3)]
  1418 | D:2      | Reached skill level 4 in Necromancy
  1616 | D:2      | Gained mutation: You have large cloven feet. [demonic
                  | ancestry]
  1616 | D:2      | Reached XP level 3. HP: 27/27 MP: 4/4
  1622 | D:2      | Learned a level 3 spell: Vampiric Draining
  2518 | D:3      | Reached skill level 1 in Unarmed Combat
  2759 | D:3      | HP: 11/27 [dart slug/slug dart (4)]
  2966 | D:3      | Found a basalt altar of Yredelemnul.
  2981 | D:3      | Found a shadowy altar of Dithmenos.
  3287 | D:3      | HP: 12/27 [orc (6)]
  3392 | D:3      | HP: 8/27 [orc (6)]
  3581 | D:3      | Gained mutation: Spells you cast may paralyse adjacent
                  | enemies. [demonic ancestry]
  3581 | D:3      | Reached XP level 4. HP: 29/33 MP: 0/6
  3702 | D:3      | Found a bloodstained altar of Trog.
  3702 | D:3      | Found a hazy altar of Hepliaklqana.
  3999 | D:3      | Reached skill level 2 in Spellcasting
  4042 | D:3      | HP: 15/33 [orc (5)]
  4095 | D:3      | HP: 12/33 [orc (4)]
  4286 | D:3      | HP: 15/33 [worm (10)]
  4288 | D:3      | HP: 4/33 [worm (11)]
  5019 | D:4      | Noticed a lemure
  5019 | D:4      | Noticed a lemure
  5020 | D:4      | Noticed Pikel
  5020 | D:4      | Noticed a lemure
  5070 | D:4      | Noticed a black bear
  5084 | D:3      | HP: 16/33 [poisoned by an adder]
  5089 | D:3      | HP: 12/33 [poisoned by an adder]
  5474 | D:2      | HP: 16/33 [lemure[Pikel] (3)]
  5782 | D:4      | Killed a black bear
  5783 | D:4      | Reached skill level 2 in Unarmed Combat
  5783 | D:4      | Reached skill level 5 in Necromancy
  5783 | D:4      | Gained mutation: You have very sharp fingernails. [demonic
                  | ancestry]
  5783 | D:4      | Reached XP level 5. HP: 30/38 MP: 0/8
  6006 | D:4      | Reached skill level 3 in Unarmed Combat
  6006 | D:4      | Reached XP level 6. HP: 43/44 MP: 5/9
  6059 | D:4      | Noticed Sigmund
  6073 | D:4      | HP: 19/44 [Sigmund (6)]
  6078 | D:3      | HP: 18/44 [goblin (2)]
  6274 | D:4      | Killed Sigmund
  6275 | D:4      | Reached skill level 6 in Necromancy
  6347 | D:4      | HP: 16/44 [ogre (23)]
  6349 | D:4      | Reached skill level 4 in Unarmed Combat
  6349 | D:4      | Reached XP level 7. HP: 20/50 MP: 0/10
  6557 | D:4      | Killed Pikel
  6558 | D:4      | Reached skill level 6 in Unarmed Combat
  6558 | D:4      | Reached skill level 7 in Necromancy
  6726 | D:4      | Gained mutation: Spells you cast may paralyse nearby
                  | enemies. [demonic ancestry]
  6726 | D:4      | Reached XP level 8. HP: 44/56 MP: 3/11
  6753 | D:4      | HP: 28/56 [kobold (4)]
  7678 | D:4      | Found a runed translucent door.
  7679 | D:4      | Noticed Crazy Yiuf
  7885 | D:4      | Killed Crazy Yiuf
  7886 | D:4      | Reached skill level 7 in Unarmed Combat
  7905 | D:4      | Learned a level 4 spell: Animate Dead
  7933 | D:5      | Entered Level 5 of the Dungeon
  7999 | D:5      | Identified the +4 chain mail "Jang" {rCorr}
  8099 | D:5      | Noticed Eustachio
  8104 | D:5      | Killed Eustachio
  8105 | D:5      | Reached skill level 1 in Dodging
  8270 | D:5      | Reached skill level 3 in Fighting
  8384 | D:5      | Reached skill level 1 in Armour
  8384 | D:5      | Reached skill level 2 in Dodging
  8857 | D:6      | Reached skill level 4 in Fighting
  8857 | D:6      | Gained mutation: You have claws for hands. [demonic
                  | ancestry]
  8857 | D:6      | Reached XP level 9. HP: 52/65 MP: 12/12
  8953 | D:6      | Reached skill level 3 in Dodging
  9189 | D:6      | Noticed a troll
  9196 | D:6      | Killed a troll
  9197 | D:6      | Reached skill level 8 in Unarmed Combat
  9517 | D:6      | Reached skill level 5 in Fighting
  9655 | D:7      | Reached skill level 4 in Dodging
  9850 | D:7      | Reached skill level 2 in Evocations
  9975 | D:7      | Found a broken altar of Ashenzari.
 10055 | D:7      | Found a staircase to the Ecumenical Temple.
 10080 | Temple   | Entered the Ecumenical Temple
 10381 | Temple   | Became a worshipper of the Wu Jian Council
 10478 | D:7      | Found Atha's Antique Armour Boutique.
 10679 | D:7      | Found Qiotay's Armour Shop.
 10686 | D:7      | Found Imotug's Assorted Antiques.
 10687 | D:7      | Bought a +2 buckler of protection for 258 gold pieces
 10917 | D:7      | HP: 29/63 [wight (8)]
 11138 | D:7      | Reached skill level 1 in Shields
 11323 | D:8      | Reached skill level 2 in Shields
 11692 | D:8      | Reached skill level 9 in Unarmed Combat
 12648 | D:9      | Reached XP level 10. HP: 71/74 MP: 9/13
 12730 | D:9      | Reached skill level 3 in Shields
 12763 | D:9      | Noticed a two-headed ogre
 12936 | D:9      | HP: 37/74 [two-headed ogre (16)]
 12962 | D:9      | Killed a two-headed ogre
 12963 | D:9      | Reached skill level 4 in Shields
 13135 | D:9      | Found a radiant altar of Vehumet.
 13167 | D:9      | Reached skill level 3 in Evocations
 13456 | D:10     | Entered Level 10 of the Dungeon
 13495 | D:10     | Reached skill level 6 in Fighting
 13597 | D:10     | Reached skill level 5 in Dodging
 13679 | D:10     | Reached skill level 10 in Unarmed Combat
 13709 | D:10     | Reached skill level 4 in Evocations
 13753 | D:10     | Found a staircase to the Lair.
 13795 | D:10     | Reached * piety under Wu Jian
 13813 | D:10     | Gained mutation: You regenerate magic rapidly. [demonic
                  | ancestry]
 13813 | D:10     | Reached XP level 11. HP: 55/83 MP: 0/14
 14118 | D:10     | Noticed a two-headed ogre
 14122 | D:10     | Noticed a two-headed ogre
 14166 | D:9      | Killed a two-headed ogre
 14344 | D:10     | Reached skill level 7 in Fighting
 14344 | D:10     | Reached skill level 5 in Evocations
 14354 | D:10     | Reached skill level 6 in Dodging
 14402 | D:10     | Found Xiefujem's Antique Armour Boutique.
 14569 | D:10     | Noticed Erolcha
 14588 | D:10     | Killed Erolcha
 14694 | D:10     | Killed a two-headed ogre
 14850 | D:10     | Noticed a green ugly thing
 14851 | D:10     | Noticed a deep elf pyromancer
 14858 | D:10     | Noticed a red ugly thing
 14861 | D:10     | Killed a green ugly thing
 14862 | D:10     | Reached skill level 6 in Evocations
 14865 | D:10     | Killed a deep elf pyromancer
 14873 | D:10     | HP: 41/86 [red ugly thing (14)]
 14874 | D:10     | Killed a red ugly thing
 14930 | D:10     | Identified the +5 scale mail "Ozymon" {rN+}
 14975 | D:10     | HP: 40/86 [yak (14)]
 14979 | D:10     | Reached skill level 8 in Fighting
 14979 | D:10     | Reached skill level 11 in Unarmed Combat
 15060 | D:11     | Learned a level 5 spell: Agony
 15075 | D:11     | Found a staircase to the Orcish Mines.
 15076 | D:11     | Noticed an orc knight
 15102 | D:11     | Reached ** piety under Wu Jian
 15103 | D:11     | Reached skill level 7 in Dodging
 15215 | D:11     | an orc knight changed into an elephant
 15412 | D:11     | Identified the +5 mace of Zin's Benevolence {elec, rF+++
                  | rC- Str+4 Dex+2}
 15601 | D:11     | Found Ten Xyn's Armour Boutique.
 15668 | D:11     | Gained mutation: You have a pair of small antennae on your
                  | head. [demonic ancestry]
 15668 | D:11     | Reached XP level 12. HP: 82/94 MP: 16/16
 15690 | D:11     | Identified the +6 short sword of Fasua {antimagic, Fragile
                  | rElec Int+2 Dex+4}
 15691 | D:11     | Noticed a two-headed ogre
 15700 | D:11     | Killed a two-headed ogre
 15701 | D:11     | Reached skill level 3 in Spellcasting
 16067 | Lair:1   | Entered Level 1 of the Lair of Beasts
 16273 | Lair:1   | Reached skill level 7 in Evocations
 16383 | Lair:1   | Identified the +9 war axe of the Purple Skies {spect, *Slow
                  | rF+ Int+3}
 16513 | Lair:1   | Learned a level 4 spell: Passage of Golubria
 16654 | Lair:1   | Noticed a seven-headed hydra
 16668 | Lair:1   | Killed a 13-headed hydra
 16668 | Lair:1   | Reached *** piety under Wu Jian
 17038 | Lair:2   | Reached skill level 8 in Necromancy
 17135 | Lair:2   | Reached skill level 9 in Fighting
 17135 | Lair:2   | Reached skill level 4 in Spellcasting
 17139 | Lair:2   | HP: 42/92 [wolf (5)]
 17471 | Lair:2   | HP: 47/95 [poisoned by a cane toad]
 17752 | Lair:2   | Noticed a fire dragon
 17797 | Lair:2   | HP: 27/96 [fire dragon/blast of flame (27)]
 17802 | Lair:2   | HP: 29/96 [poisoned by a cane toad]
 18247 | Lair:2   | HP: 41/96 [fire dragon (14)]
 18252 | Lair:2   | HP: 43/96 [fire dragon (4)]
 18258 | Lair:2   | Killed a fire dragon
 18259 | Lair:2   | Reached skill level 5 in Spellcasting
 18525 | Lair:2   | Identified the +3 spear "Wukorph" {drain, rC+ rCorr Str-4
                  | Dex+4}
 18526 | Lair:2   | Identified the +2 pair of gloves of the Guilds {Rampage
                  | Drain Will++}
 18704 | Lair:3   | Noticed a death yak
 18721 | Lair:3   | Reached skill level 9 in Necromancy
 18789 | Lair:3   | Found a staircase to the Snake Pit.
 18801 | Lair:3   | HP: 32/94 [guardian serpent (20)]
 18804 | Lair:3   | Reached skill level 12 in Unarmed Combat
 18994 | Lair:3   | Noticed a death yak
 18995 | Lair:3   | Noticed a death yak
 19015 | Lair:2   | HP: 44/94 [death yak (10)]
 19021 | Lair:2   | HP: 20/94 [death yak (15)]
 19035 | Lair:2   | HP: 16/94 [death yak (25)]
 19041 | Lair:2   | Killed a death yak
 19391 | Lair:3   | Noticed a death yak
 19407 | Lair:3   | Killed a death yak
 19442 | Lair:3   | Killed a death yak
 19443 | Lair:3   | Reached skill level 10 in Fighting
 19444 | Lair:3   | HP: 38/94 [death yak (11)]
 19461 | Lair:3   | HP: 44/94 [death yak (6)]
 19492 | Lair:3   | Killed a death yak
 19493 | Lair:3   | Reached XP level 13. HP: 54/103 MP: 11/20
 19585 | Lair:3   | HP: 45/103 [six-headed hydra (9)]
 19593 | Lair:3   | HP: 23/103 [eight-headed hydra (4)]
 19593 | Lair:3   | HP: 7/103 [eight-headed hydra (9)]
 19593 | Lair:3   | Slain by an eight-headed hydra

Illustrated notes

Levels and vault maps discovered:
D:1:      scummos_arrival_hexagon, layout_loops_ring,
          hellmonk_ecumenical_altar_inner_sanctum, minmay_tiny_reverse_x
D:2:      layout_rooms, serial_co_window_serial, co_window_paths_a,
          co_window_paths_b, co_window_corner_a, co_window_paths_b,
          co_window_of_opportunity_a, co_window_paths_c, co_window_2corner,
          co_window_unsneaky_path_b, glass_columns_c, glass_columns_b
D:3:      layout_basic, minitemple, amethyst_killhole
D:4:      kennysheep_kobold_camp, layout_rooms, minmay_hedge_maze, uniq_pikel,
          uniq_sigmund, uniq_crazy_yiuf_cottage
D:5:      layout_basic, uniq_eustachio
D:6:      layout_basic
D:7:      layout_gridville, lemuel_round_altar, temple_statues, serial_shops,
          shop, shop, nicolae_stop_n_shop_1, minmay_misc_feat_secret_circle,
          grunt_tough_drop
D:8:      layout_layer_cave
D:9:      layout_roguey, mainiacjoe_overflow_tiny_flanked
D:10:     layout_irregular_city, minmay_lair_entry_grove, serial_shops, shop,
          minmay_pinched_square, uniq_erolcha
D:11:     layout_irregular_city, david_orc_5, serial_shops, shop_fountains,
          kennysheep_generic_room_5
Temple:   minmay_temple_bridge_d
Lair:1:   layout_regular_city, st_stairs_8
Lair:2:   dragon1_lemuel, layout_misc_corridors, beast_lair_carwin_3,
          grunt_megastairs_5, serial_bayou_shore_a
Lair:3:   layout_layer_cave, elwin_shoals_entry_rocks,
          minmay_snake_entry_spellcaster, nicolae_volcano_entry_s_turn,
          grunt_megastairs_4

Skill      XL: |  1  2  3  4  5  6  7  8  9 10 11 12 |
---------------+-------------------------------------+-----
Spellcasting   | 1 2 5 |  5.0
Necromancy     | 4 5 6 7 9 |  9.6
Unarmed Combat | 1 2 3 4 6 7 9 10 11 12 | 12.2
Dodging        | 2 4 5 7 |  7.0
Fighting       | 4 5 6 8 10 | 10.0
Armour         | 1 |  1.0
Evocations     | 2 4 6 7 |  7.0
Shields        | 2 4 |  4.0
Throwing       | |  1.0
Stealth        | |  1.0
Earth Magic    | |  1.7

Action                   |  1- 3 |  4- 6 |  7- 9 | 10-12 | 13-15 || total
-------------------------+-------+-------+-------+-------+-------++-------
Melee: Club              |    35 |     1 |       |       |       ||    36
       Unarmed           |    55 |    97 |   282 |   496 |     4 ||   934
       Punch             |       |       |    11 |       |       ||    11
       Kick              |       |       |    24 |       |       ||    24
Throw: Stone             |    25 |       |       |       |       ||    25
 Cast: Pain              |    58 |    29 |    61 |    48 |       ||   196
       Vampiric Draining |     1 |    13 |    23 |    66 |       ||   103
       Animate Dead      |       |       |       |     2 |       ||     2
       Agony             |       |       |       |    38 |     3 ||    41
Invok: Lunge             |       |       |     2 |    26 |       ||    28
       Whirlwind         |       |       |       |     9 |       ||     9
 Abil: Wall Jump         |       |       |       |       |     1 ||     1
Evoke: Wand              |       |       |       |    13 |     1 ||    14
  Use: Scroll            |       |       |    10 |     8 |       ||    18
       Potion            |       |       |       |     3 |       ||     3
 Stab: Sleeping          |     2 |       |       |       |       ||     2
       Paralysed         |       |    13 |    41 |    91 |       ||   145
       Distracted        |       |       |     1 |       |       ||     1
Armor: Robe              |    34 |    18 |    17 |       |       ||    69
       Leather armour    |       |       |    56 |    62 |     3 ||   121
       Troll leather arm |       |       |       |    54 |       ||    54
Dodge: Dodged            |    55 |    46 |   158 |   228 |     8 ||   495
Block: Buckler           |       |       |     6 |   156 |     3 ||   165

Table legend: (Time is in decaauts)
 A = Elapsed time spent in this place.
 B = Non-inter-level travel time spent in this place.
 C = Inter-level travel time spent in this place.
 D = Time resting spent in this place.
 E = Time spent auto-exploring this place.
 F = Levels seen in this place.
 G = Mean time per level.
                   A        B        C        D        E       F      G
               +--------+--------+--------+--------+--------+-----+--------+
         Total |  19539 |  18607 |    932 |   4288 |  10409 |  15 | 1302.6 |
       Dungeon |  15625 |  14959 |    666 |   3421 |   8582 |  11 | 1420.5 |
        Temple |    372 |    229 |    143 |      0 |    213 |   1 |  372.0 |
          Lair |   3541 |   3419 |    122 |    867 |   1614 |   3 | 1180.3 |
               +--------+--------+--------+--------+--------+-----+--------+

Top non-repeatable levels by time:
     D:3: 2505 daAuts
     D:2: 2270 daAuts
     D:4: 1779 daAuts
  Lair:2: 1733 daAuts
    D:10: 1444 daAuts
     D:8: 1412 daAuts
     D:1: 1408 daAuts
  Lair:1: 1186 daAuts
     D:6: 1146 daAuts
     D:7: 1028 daAuts
    D:11: 1019 daAuts
     D:9: 976 daAuts
     D:5: 633 daAuts
  Lair:3: 621 daAuts
  Temple: 372 daAuts
